 Dungeon Crawl Stone Soup version 0.20-a0-1122-gb7cbeb9 (webtiles) character file.

737 ChaseSP the Chiller (level 7, -2/46 HPs)
             Began as a Merfolk Ice Elementalist on May 13, 2017.
             Slain by a phantom (8 damage)
             ... on level 5 of the Dungeon.
             The game lasted 00:16:47 (4968 turns).

ChaseSP the Chiller (Merfolk Ice Elementalist)      Turns: 4968, Time: 00:16:47

Health: -2/46      AC:  7    Str:  8    XL:     7   Next: 75%
Magic:  3/10       EV: 13    Int: 19    God:
Gold:   208        SH:  0    Dex: 14    Spells: 2/10 levels left

rFire    + . .     SeeInvis .   e - +1 short sword (venom)
rCold    . . .     Gourm    .   (no shield)
rNeg     . . .     Faith    .   x - +0 leather armour {rF+}
rPois    +         Spirit   .   (no helmet)
rElec    .         Reflect  .   r - +0 cloak
rCorr    .         Harm     .   (no gloves)
MR       .....                  f - +2 pair of boots
Stlth    ++........             (no amulet)
Regen    0.2/turn               t - +2 ring of intelligence
MPRegen  0.2/turn               s - ring of poison resistance

@: lethally poisoned (-2 -> -6), very slightly contaminated
A: change form in water, swift swim, stealthy swim
a: no special abilities


You were on level 5 of the Dungeon.
You were hungry.

You visited 1 branch of the dungeon, and saw 5 of its levels.

You collected 208 gold pieces.

Inventory:

Hand Weapons
 e - a +1 short sword of venom (weapon)
 y - a +0 trident
Armour
 f - a +2 pair of boots (worn)
 r - a +0 cloak (worn)
 x - a +0 leather armour of fire resistance (worn)
Magical Staves
 z - an uncursed staff of cold
Jewellery
 g - an uncursed ring of flight
 o - an uncursed ring of positive energy
 s - a ring of poison resistance (right hand)
 t - a +2 ring of intelligence (left hand)
Scrolls
 d - 2 scrolls of fog
 h - a scroll of remove curse
 i - a scroll of recharging
 l - a scroll of immolation {unknown}
Potions
 j - a potion of invisibility {unknown}
 k - 2 potions of curing
 n - 2 potions of lignification
 q - 2 potions of magic {unknown}
 u - 2 potions of resistance
 A - a potion of ambrosia {unknown}
Books
 b - a book of Frost

   Spells                             Type                      Level
   a - Freeze                         Ice                          1
   b - Throw Frost                    Conjuration/Ice              2
   c - Ozocubu's Armour               Charms/Ice                   3
   d - Throw Icicle                   Conjuration/Ice              4
   e - Summon Ice Beast               Ice/Summoning                4
 C - a book of Necromancy

   Spells                             Type                      Level
   a - Pain                           Necromancy                   1
   b - Animate Skeleton               Necromancy                   1
   c - Vampiric Draining              Necromancy                   3
   d - Regeneration                   Charms/Necromancy            3
   e - Animate Dead                   Necromancy                   4
   f - Control Undead                 Necromancy                   4
Comestibles
 a - a royal jelly
 c - 7 bread rations
 m - 2 meat rations
 B - 2 chunks of flesh


   Skills:
 - Level 2.2(2.6) Polearms
 - Level 1.0(1.3) Staves
 - Level 3.6 Dodging
 - Level 2.1 Stealth
 - Level 2.0 Spellcasting
   Level 0.7 Conjurations
 - Level 1.9 Charms
 + Level 3.2 Summonings
 * Level 7.9 Ice Magic


You had 2 spell levels left.
You knew the following spells:

 Your Spells              Type           Power        Failure   Level  Hunger
a - Freeze                Ice            ####         1%          1    #......
b - Ozocubu's Armour      Chrm/Ice       ###.....     10%         3    ###....
c - Summon Ice Beast      Ice/Summ       ###.....     26%         4    #####..


Dungeon Overview and Level Annotations

Branches:
Dungeon (5/15)
 Temple: D:4-7

Altars:
Fedhas

Portals:
Ossuary: D:5

Annotations:
D:5 Menkaure


Message History

The scorpion stings you but does no damage.
You closely miss the scorpion.
The scorpion is lightly wounded.
The scorpion barely misses you. The phantom hits you.
You hit the scorpion.
The scorpion is moderately wounded.
The scorpion stings you.
You are poisoned.
The scorpion poisons you!
The phantom hits you but does no damage.
The scorpion stings you but does no damage.
You barely miss the scorpion.
The scorpion is moderately wounded.
You feel sick. The phantom hits you!
* * * LOW HITPOINT WARNING * * *
The scorpion barely misses you.
You closely miss the scorpion.
The scorpion is moderately wounded.
You feel sick. The phantom hits you!
You die...

#..........#
#..........#
####..........#
..............###
####............#
#..........###
##..........#
....##.##s###
####..#..W@# #
##.#..### .
#....# ##.s.##
#....# . #†##.#
####.
.........#.#
#..#.
............
#..#.
..W.§.#......
##..##


You could see a phantom and a scorpion.

Vanquished Creatures
  2 scorpions (D:5)
  4 killer bees
  2 hounds
  Crazy Yiuf (D:2)
  An orc priest (D:4)
  2 orc wizards (D:4)
  Terence (D:2)
  5 worker ants
  7 adders
  2 worms (D:2)
  A dart slug (D:4)
  3 leopard geckos
  7 orcs
  11 bats
  2 giant cockroaches
  9 goblins
  8 hobgoblins
  10 jackals
  10 kobolds
  4 quokkas
  A ball python (D:1)
  6 frilled lizards
  A leopard gecko skeleton (D:4)
  5 rats
105 creatures vanquished.

Vanquished Creatures (others)
  8 fungi (D:5)
8 creatures vanquished.

Grand Total: 113 creatures vanquished

Notes
Turn   | Place    | Note
-------+----------+-------------------------------------------
     0 | D:1      | ChaseSP the Merfolk Ice Elementalist began the quest for the Orb.
     0 | D:1      | Reached XP level 1. HP: 13/13 MP: 3/3
   101 | D:1      | Reached XP level 2. HP: 19/19 MP: 5/5
   105 | D:1      | Reached skill level 4 in Ice Magic
   717 | D:2      | Reached XP level 3. HP: 24/24 MP: 6/6
   723 | D:2      | Learned a level 3 spell: Ozocubu's Armour
   736 | D:2      | Noticed Terence
   752 | D:2      | Killed Terence
   904 | D:2      | Reached skill level 1 in Charms
   904 | D:2      | Reached skill level 5 in Ice Magic
   904 | D:2      | Reached XP level 4. HP: 28/30 MP: 7/7
  1741 | D:2      | Reached XP level 5. HP: 35/35 MP: 6/8
  1903 | D:2      | Found a runed door.
  1907 | D:2      | Noticed Crazy Yiuf
  1916 | D:2      | Killed Crazy Yiuf
  1934 | D:2      | Learned a level 4 spell: Summon Ice Beast
  2976 | D:3      | Found a blossoming altar of Fedhas.
  3105 | D:4      | Reached skill level 1 in Summonings
  3298 | D:4      | Reached skill level 6 in Ice Magic
  3320 | D:4      | Reached XP level 6. HP: 41/41 MP: 2/9
  3328 | D:4      | Reached skill level 1 in Polearms
  4287 | D:5      | Entered Level 5 of the Dungeon
  4287 | D:5      | Noticed Menkaure
  4294 | D:4      | Reached XP level 7. HP: 40/46 MP: 6/10
  4355 | D:5      | Reached skill level 7 in Ice Magic
  4541 | D:5      | Reached skill level 1 in Staves
  4930 | D:5      | Found a sand-covered staircase.
  4968 | D:5      | Slain by a phantom

Vault maps used:
D:1:      saegor_arrival_under_anarchy
D:2:      st_stairs_12, minmay_pentomino_p4, uniq_crazy_yiuf_cottage,
          uniq_terence
D:3:      minmay_stone_trees_small, fedhas_altar_3
D:5:      old_forge, old_standard_altar, first_bread,
          nicolae_ossuary_entry_ruins, kennysheep_windowed_goal, uniq_menkaure

Skill      XL: |  1  2  3  4  5  6  7 |
---------------+----------------------+-----
Ice Magic      | 4 5 6 7 |  7.9
Charms         | 1 |  1.9
Dodging        | 3 |  3.6
Summonings     | 1 2 3 |  3.2
Polearms       | 2 |  2.2
Staves         | 1 |  1.0
Stealth        | |  2.1
Spellcasting   | |  2.0
Conjurations   | |  0.7

Action                   |  1- 3 |  4- 6 |  7- 9 || total
-------------------------+-------+-------+-------++-------
Melee: Short sword       |    47 |   146 |    45 ||   238
       Spear             |       |    33 |       ||    33
       Staff             |       |    18 |    10 ||    28
       Trident           |       |     5 |     6 ||    11
 Cast: Freeze            |     1 |    31 |    24 ||    56
       Ozocubu's Armour  |       |     7 |     2 ||     9
       Summon Ice Beast  |       |       |     1 ||     1
  Use: Scroll            |       |     6 |     2 ||     8
       Potion            |       |       |     1 ||     1
 Stab: Sleeping          |     4 |     3 |       ||     7
       Distracted        |       |     1 |       ||     1
  Eat: Chunk             |       |    12 |     3 ||    15
Armor: Robe              |     7 |    13 |       ||    20
       Leather armour    |       |    48 |    46 ||    94
Dodge: Dodged            |    37 |   178 |    64 ||   279
